 Dungeon Crawl Stone Soup version 0.30.0-29-ga12c61a403 (webtiles) character file.

Game seed: 18346205751174250468

119 hawla the Firebug (level 5, -1/38 HPs)
             Began as a Meteoran Fire Elementalist on June 9, 2023.
             Slain by an orc priest
             ... wielding a +3 hand axe
              (9 damage)
             ... on level 4 of the Dungeon.
             The game lasted 00:04:56 (324 turns).

hawla the Firebug (Meteoran Fire Elementalist)       Turns: 324, Time: 00:04:57

Health: -1/38      AC:  2    Str:  9    XL:     5   Next: 49%
Magic:  1/10       EV: 13    Int: 23    God:
Gold:   50         SH:  0    Dex: 18    Spells: 3/10 levels left

rFire   + . .        e - staff of fire
rCold   x . .        (no shield)
rNeg    . . .        a - +0 robe
rPois   .            (helmet restricted)
rElec   .            f - scarf of Xaats {shadows, rC- Int+5 Dex+3 Stlth+}
rCorr   .            (no gloves)
SInv    .            (no boots)
Will    .....        (no amulet)
Stlth   +            (no ring)
HPRegen 0.26/turn    (no ring)
MPRegen 0.12/turn

%: no passive effects
@: glowing
A: sense surroundings 2, otherworldly, glowing, explore regen, antennae 1,
talons 1
a: no special abilities


You were on level 4 of the Dungeon.
You visited 1 branch of the dungeon, and saw 4 of its levels.

You collected 50 gold pieces.

Inventory:

Armour
 a - a +0 robe (worn)
 f - the scarf of Xaats (worn) {shadows, rC- Int+5 Dex+3 Stlth+}
   (You found it on level 4 of the Dungeon)

   Int:       It affects your intelligence (+5).
   Dex:       It affects your dexterity (+3).
   rC:        It makes you vulnerable to cold.
   Stlth:     It makes you more stealthy.
Magical Staves
 e - a staff of fire (weapon)
Scrolls
 d - a scroll of brand weapon
 g - a scroll of noise {unknown}
Potions
 b - a potion of magic


   Skills:
 - Level 2.6 Staves
 - Level 2.4 Dodging
 - Level 1.4 Stealth
 - Level 3.0 Spellcasting
 + Level 2.6 Conjurations
 - Level 4.2 Fire Magic
 + Level 2.7 Evocations


You had 3 spell levels left.
You knew the following spells:

 Your Spells              Type           Power      Damage    Failure   Level
a - Foxfire               Conj/Fire      100%       2x1d9     2%          1
b - Scorch                Fire           68%        2d8       3%          2
c - Flame Wave            Conj/Fire      28%        2d9       28%         4

Your spell library contained the following spells:

 Spells                   Type           Power      Damage    Failure   Level
 Momentum Strike          Conj/Tloc      18%        3d8       10%         2
 Inner Flame              Hex/Fire       19%        N/A       14%         3
 Volatile Blastmotes      Fire/Tloc      38%        2d13      14%         3
 Blink                    Tloc           6%         N/A       17%         2
 Lesser Beckoning         Tloc           6%         N/A       17%         2


Dungeon Overview and Level Annotations

Branches:
Dungeon (4/15) Zot: 2075   Temple (0/1) D:4

Altars:
Ashenzari
Trog

Shops:
D:2 (


Innate Abilities, Weirdness & Mutations

You passively map the area around you.
You are easily found by Zot.
You glow in the dark.
You regain HP and MP as you explore.
You have a pair of small antennae on your head.
You have sharp toenails.


Message History

The orc's wounds heal themselves!
The foxfire hits the orc!
You kill the orc!
The orc priest hits you with a +3 hand axe.
Casting: Foxfire (safe; 2% risk of failure)
Confirm with . or Enter, or press ? or * to list all spells.
The spell is extremely dangerous to miscast (28% risk of failure)!
Continue anyway?
Casting: Flame Wave (extremely dangerous; 28% risk of failure)
Press: ? - help, Dir - look around, f - activate You feel a surge of power!
A wave of flame ripples out!
The flame wave engulfs the orc priest!
The orc priest is severely wounded. (Press . to intensify the flame waves.)
The orc priest misses you.
You completely miss the orc priest.
The orc priest is severely wounded.
The orc priest hits you with a +3 hand axe.
You hit the orc priest.
The orc priest is almost dead.
The orc priest casts a cantrip, but nothing happens.
You hit the orc priest but do no damage.
The orc priest is almost dead.
The orc priest barely misses you.
You closely miss the orc priest.
The orc priest is almost dead.
The orc priest hits you with a +3 hand axe.
You hit the orc priest.
The orc priest is almost dead.
The orc priest hits you with a +3 hand axe!
You barely miss the orc priest.
The orc priest is almost dead.
The orc priest calls down the wrath of Beogh upon you.
Beogh smites you!
* * * LOW HITPOINT WARNING * * *
It was a potion of mutation.
You feel extremely strange.
Your toenails lengthen and sharpen.
A pair of antennae grows on your head!
Your attunement to dungeon structure grows.
An adder comes into view.
The orc priest hits you with a +3 hand axe!
You die...

,,,, * , , * * , * , * ,
, * * #... *#... , , ,,,
S..# ..... ,, , ...
,..... , ,* ** , , ,
..##.... , , , ##).... ,
, > , , #..o.#* ,, ,* *
, ##..@)# , , *
,..*##....## , ,
..##..^..### ,, ., * *
.....>.....###..., , .,
....#####.......*,* ,
##.. #...###..##.###** ,
...., ##.......#### ,, ,
,#..#####........... *
##.###...##............,
,, ,


You could see an orc priest and an adder (wandering).

Vanquished Creatures
  An orc priest (D:4)
  An iguana (D:3)
  3 adders
  5 orcs (D:4)
  4 ball pythons
  An endoplasm (D:2)
  2 giant cockroaches (D:4)
  A hobgoblin (D:3)
  3 jackals (D:2)
  4 kobolds
  2 bats
  A frilled lizard (D:3)
  6 goblins
  A rat (D:1)
35 creatures vanquished.

Vanquished Creatures (others)
  104 foxfires
104 creatures vanquished.

Grand Total: 139 creatures vanquished

Notes
Turn   | Place    | Note
-------+----------+-------------------------------------------
     0 | D:1      | hawla the Meteoran Fire Elementalist began the quest for
                  | the Orb.
     0 | D:1      | Reached XP level 1. HP: 14/14 MP: 5/5
    76 | D:2      | Reached XP level 2. HP: 9/20 MP: 0/6
    80 | D:2      | Reached skill level 4 in Fire Magic
   111 | D:2      | Found Suit's Weapon Shop.
   147 | D:3      | Reached skill level 1 in Staves
   147 | D:3      | Reached skill level 1 in Evocations
   147 | D:3      | Reached XP level 3. HP: 26/26 MP: 1/8
   162 | D:3      | Reached XP level 4. HP: 22/33 MP: 2/9
   165 | D:3      | Learned a level 2 spell: Scorch
   188 | D:3      | Found a broken altar of Ashenzari.
   229 | D:3      | Found a bloodstained altar of Trog.
   267 | D:4      | Reached XP level 5. HP: 38/38 MP: 1/10
   270 | D:4      | Identified the scarf of Xaats {shadows, rC- Int+5 Dex+3
                  | Stlth+}
   292 | D:4      | Learned a level 4 spell: Flame Wave
   324 | D:4      | Gained mutation: You have sharp toenails. [potion of
                  | mutation]
   324 | D:4      | Gained mutation: You have a pair of small antennae on your
                  | head. [potion of mutation]
   324 | D:4      | Gained mutation: You passively map the area around you.
                  | [potion of mutation]
   324 | D:4      | Slain by an orc priest

Illustrated notes

Levels and vault maps discovered:
D:1:      minmay_arrival_checkered_box, layout_basic,
          shapermc_ecumenical_altar_flowoftime, amcnicky_mini_corridor_feature,
          roderic_serpentine_path
D:2:      layout_rooms, serial_shops, nicolae_shop_stone
D:3:      layout_rooms, mainiacjoe_overflow_alcove_4,
          mainiacjoe_overflow_boulevard, trog_hazing_becter, minmay_ruptured
D:4:      layout_cave_pools, lemuel_doored_altar,
          lemuel_zombie_altar_yredelemnul, minmay_temple_entry_large_hall,
          gammafunk_ghost_necromancy, kennysheep_cluttered_room

Skill      XL: |  1  2  3  4  5 |
---------------+----------------+-----
Spellcasting   | 3 |  3.0
Fire Magic     | 4 |  4.2
Staves         | 1 2 |  2.6
Evocations     | 1 2 |  2.7
Conjurations   | 2 |  2.6
Dodging        | |  2.4
Stealth        | |  1.4

Action                     |  1- 3 |  4- 6 || total
---------------------------+-------+-------++-------
  Melee: Unarmed           |     4 |       ||     4
         Punch             |     1 |       ||     1
         Staff             |       |     9 ||     9
   Cast: Foxfire           |    31 |    31 ||    62
         Scorch            |       |     3 ||     3
         Flame Wave        |       |     1 ||     1
    Use: Scroll            |     2 |       ||     2
         Potion            |       |     1 ||     1
 Armour: Robe              |       |     2 ||     2
  Dodge: Dodged            |    12 |    17 ||    29
